 Dungeon Crawl Stone Soup version 0.30-a0-365-ge7f957f1db (webtiles) character file.

Game seed: 2289473785406631720

57514 holysushi the Spry (level 15, -2/136 HPs)
             Began as a Meteoran Reaver on Nov 17, 2022.
             Was the Champion of Okawaru.
             Slain by Agnes
             ... wielding a +6 lajatang of pain
              (9 damage)
             ... on level 14 of the Dungeon.
             The game lasted 01:12:22 (10485 turns).

holysushi the Spry (Meteoran Reaver)               Turns: 10485, Time: 01:12:23

Health: -2/136     AC: 14    Str: 13    XL:     15   Next: 70%
Magic:  14/41      EV: 33    Int: 22    God:    Okawaru [******]
Gold:   542        SH:  5    Dex: 25    Spells: 27/39 levels left

rFire   + + .      SeeInvis .    x - +6 dire flail (freeze)
rCold   . . .      Faith    .    (shield currently unavailable)
rNeg    . . .      Spirit   .    T - +1 leather armour "Ryej" {Dex+4 Stlth+}
rPois   .          Reflect  +    j - +2 hat
rElec   .          Harm     .    i - +2 cloak {rCorr}
rCorr   +          Rampage  +    L - +0 pair of gloves of the Albatross {Rampage rCorr}
Will    +++..                    B - +3 pair of boots "Raikk" {Will+ MP+9}
Stlth   ++........               F - amulet of False Pretenses {Reflect rF+ SH+5}
HPRegen 0.42/turn                N - +4 ring of evasion
MPRegen 0.27/turn                e - +6 ring of dexterity

@: contaminated, glowing, studying Poison Magic
A: sense surroundings 2, otherworldly, glowing, explore regen, fire resistance
1, strong-willed 1, robust 1, sturdy frame 1
a: Renounce Religion, Heroism, Finesse, Duel


You were on level 14 of the Dungeon.
You worshipped Okawaru.
Okawaru was exalted by your worship.
You visited 4 branches of the dungeon, and saw 22 of its levels.
You also visited: Ossuary, Gauntlet and Volcano.

You collected 1655 gold pieces.
You spent 1113 gold pieces at shops.

Inventory:

Hand Weapons
 x - a +6 dire flail of freezing (weapon)
 y - the +5 Lochaber axe {reach-cleave, poleaxe, Drain}
   (You bought it in a shop on level 2 of the Orcish Mines)

   It can be evoked to extend its reach, and strikes at all foes within reach,
   dealing less damage to those not targeted.
   It uses either Axes or Polearms skill, whichever is higher.
   Drain:     It drains your maximum health when unequipped.
Missiles
 h - 7 boomerangs
 l - 2 javelins
 w - a throwing net
Armour
 i - a +2 cloak of preservation (worn)
 j - a +2 hat (worn)
 m - the +1 leather armour "Qewouca" {-Cast rN+ Slay+3}
   (You found it on level 3 of the Dungeon)

   Slay:      It affects your accuracy & damage with ranged weapons and melee
   (+3).
   rN:        It protects you from negative energy.
   -Cast:     It prevents spellcasting.
 o - the +1 pair of boots of the Dwarven Hall {rPois Will+ MP+9 Str-4}
   (You found it on level 5 of the Dungeon)

   Str:       It affects your strength (-4).
   rPois:     It protects you from poison.
   MP:        It affects your magic capacity (+9).
   Will:      It increases your willpower.
 B - the +3 pair of boots "Raikk" (worn) {Will+ MP+9}
   (Okawaru gifted it to you on level 2 of the Lair of Beasts)

   MP:        It affects your magic capacity (+9).
   Will:      It increases your willpower.
 L - the +0 pair of gloves of the Albatross (worn) {Rampage rCorr}
   (Okawaru gifted it to you on level 2 of the Orcish Mines)

   rCorr:     It protects you from acid and corrosion.
   Rampage:   It bestows one free step when moving towards enemies.
 T - the +1 leather armour "Ryej" (worn) {Dex+4 Stlth+}
   (You found it on level 5 of the Lair of Beasts)

   Dex:       It affects your dexterity (+4).
   Stlth:     It makes you more stealthy.
Jewellery
 a - the ring "Wisiseut" {rElec rC+ Will+ rCorr}
   (You found it in a Gauntlet)

   [ring of willpower]

   rC:        It protects you from cold.
   rElec:     It insulates you from electricity.
   rCorr:     It protects you from acid and corrosion.
   Will:      It increases your willpower.
 e - a +6 ring of dexterity (right hand)
 F - the amulet of False Pretenses (around neck) {Reflect rF+ SH+5}
   (You found it in a Gauntlet)

   [amulet of reflection]

   It reflects blocked missile attacks.
   rF:        It protects you from fire.
   SH:        It affects your SH (+5).
 N - a +4 ring of evasion (left hand)
Wands
 u - a wand of polymorph (6)
 C - a wand of mindburst (21)
 H - a wand of flame (22)
 R - a wand of paralysis (10)
Scrolls
 g - a scroll of immolation
 k - 2 scrolls of poison
 r - 2 scrolls of vulnerability
 v - 3 scrolls of silence
 A - 3 scrolls of amnesia
 D - 5 scrolls of identify
 I - 3 scrolls of enchant armour
 K - 2 scrolls of fog
 O - a scroll of fear
Potions
 b - 2 potions of magic
 c - 2 potions of curing
 d - 5 potions of mutation
 f - a potion of might
 p - 3 potions of attraction
 q - a potion of flight
 t - 3 potions of cancellation
 z - 2 potions of resistance
 E - 5 potions of brilliance
 G - a potion of haste
 Q - a potion of berserk rage
Miscellaneous
 M - a condenser vane


   Skills:
 + Level 9.0 Fighting
 + Level 4.1(9.3) Axes
 - Level 14.0(14.2) Maces & Flails
 - Level 18.0 Dodging
 - Level 3.0 Stealth
 + Level 12.7 Spellcasting
 - Level 8.0 Conjurations
 - Level 6.0 Transmutations
 - Level 10.0 Poison Magic
 - Level 8.0 Invocations
 - Level 3.0 Evocations


You had 27 spell levels left.
You knew the following spells:

 Your Spells              Type           Power      Damage    Failure   Level
a - Kiss of Death         Conj/Necr      100%       2d13      1%          1
b - Momentum Strike       Conj/Tloc      62%        3d9       1%          2
c - Olgreb's Toxic Radia  Pois           55%        N/A       1%          4
d - Irradiate             Conj/Tmut      22%        3d19      8%          5

Your spell library contained the following spells:

 Spells                   Type           Power      Damage    Failure   Level
 Sting                    Tmut/Pois      100%       1d8       1%          1
 Poisonous Vapours        Pois/Air       70%        N/A       1%          2
 Hailstorm                Conj/Ice       31%        3d8       2%          3
 Freeze                   Ice            52%        1d6       4%          1
 Slow                     Hex            52%        N/A       4%          1
 Sublimation of Blood     Necr           13%        N/A       7%          2
 Fulminant Prism          Conj/Hex       15%        3d11      9%          4
 Blade Hands              Tmut           20%        N/A       11%         5
 Frozen Ramparts          Ice            26%        1d4       14%         3
 Portal Projectile        Hex/Tloc       26%        N/A       14%         3
 Ice Form                 Ice/Tmut       27%        N/A       14%         4
 Petrify                  Tmut/Erth      27%        N/A       14%         4
 Dragon Form              Tmut           20%        N/A       98%         7
 Discord                  Hex            6%         N/A       100%        8
 Tukima's Dance           Hex            Unusable   N/A       N/A         3
 Summon Ice Beast         Ice/Summ       Unusable   N/A       N/A         4

Dungeon Overview and Level Annotations

Branches:
Dungeon (14/15) Zot: 2057  Temple (1/1) D:5 Zot: 482    Lair (5/5) D:10 Zot: 805
 Spider (0/4) Lair:3        Slime (0/5) Lair:5          Orc (2/2) D:12 Zot: 415
    Elf (0/3) Orc:2       Ossuary (visited)         Volcano (visited)
Gauntlet (visited)
  Swamp: Lair:2-3    Shoals: Lair:2-3    Vaults: D:13-14

Altars:
Ashenzari
Cheibriados
Dithmenos
Elyvilon
Fedhas
Gozag
Hepliaklqana
Kikubaaqudgha
Makhleb
Nemelex Xobeh
Okawaru
Qazlal
Ru
Sif Muna
Trog
Uskayaw
Vehumet
Wu Jian
Xom
Yredelemnul
Zin
The Shining One

Shops:
D:8 (   D:9 ?   D:11 (   D:12 (   Orc:2 ([:=(

Annotations:
D:14 Agnes, Lodul
Lair:3 exclusion: oklob plant


Innate Abilities, Weirdness & Mutations

You passively map the area around you.
You are easily found by Zot.
You glow in the dark.
You regain HP and MP as you explore.
Your flesh is heat resistant. (rF+)
You are strong-willed. (Will+)
You are robust. (+10% HP)
Your movements are slightly less encumbered by armour. (ER -2)


Message History

You are very lightly contaminated with residual magic.
The ogre looks even sicker.
The ogre is poisoned.
The ogre looks even sicker. x2
Agnes hits you with a +6 lajatang of pain!
You writhe in agony.
Agnes hits you with a +6 lajatang of pain!
You writhe in agony.
An ogre comes into view. It is wielding a +0 giant club. x2
Unknown command.
Casting: Irradiate (dangerous; 8% risk of failure)
Confirm with . or Enter, or press ? or * to list all spells.
You miscast Irradiate.
Nothing appears to happen.
The ogre is poisoned. x2
Agnes looks even sicker.
Agnes hits you with a +6 lajatang of pain!!
You writhe in agony.
Agnes misses you.
Electricity crackles from Lodul's apparatus.
The bolt of lightning hits you!!
Unknown command.
Casting: Irradiate (dangerous; 8% risk of failure)
Confirm with . or Enter, or press ? or * to list all spells.
You miscast Irradiate.
Nothing appears to happen.
The ogre looks as sick as possible!
The ogre looks even sicker. x2
Your toxic aura wanes.
Agnes completely misses you. Agnes closely misses you.
Casting: Irradiate (dangerous; 8% risk of failure)
Confirm with . or Enter, or press ? or * to list all spells.
You miscast Irradiate.
You are lightly contaminated with residual magic.
Multicoloured lights dance before your eyes.
You are contaminated with residual magic.
Agnes completely misses you. x2
The ogre hits you with a +0 giant spiked club!!
* * * LOW HITPOINT WARNING * * *
Casting: Irradiate (dangerous; 8% risk of failure)
Confirm with . or Enter, or press ? or * to list all spells.
You miscast Irradiate.
Nothing appears to happen.
The ogre looks more healthy.
Agnes misses you.
Agnes hits you with a +6 lajatang of pain!
* * * LOW HITPOINT WARNING * * *
Agnes hits you with a +6 lajatang of pain!
You die...

*, ,, , * *
* * , , , ,
, , * , , ,
* * * *
#########* ,
, ,*
#.......##+#
* ,
#..!.O......
,
#...@iOOO...
* ,
#....OOO....
, ,
########....
, , ... , *
, , ., , ,,
,, * * ,, ,
, ,, , ,, *
,, ** **


You could see Agnes (very poisoned, misshapen), Lodul (very poisoned) and 6
ogres.

Vanquished Creatures
  An orc warlord (Orc:2)
  A minotaur (Gauntlet)
  6 hydras
  3 two-headed ogres
  A boulder beetle (D:11)
  3 orc high priests (Orc:2)
  3 death yaks (D:10)
  A deep troll (shapeshifter) (D:10)
  5 orc knights
  A deep elf pyromancer (D:12)
  5 orc sorcerers
  4 cyclopes
  2 manticores
  2 salamanders (Volcano)
  5 elephants
  Joseph (D:7)
  3 black mambas
  2 gargoyles (D:12)
  2 unseen horrors
  11 cane toads
  3 rime drakes
  3 komodo dragons
  An ice devil (Gauntlet)
  An efreet (Gauntlet)
  3 trolls
  5 polar bears
  16 blink frogs
  6 hornets
  A dream sheep (Lair:5)
  12 slime creatures (D:12)
  A culicivora (Lair:3)
  3 shadows
  10 spriggans (Lair:5)
  A vampire (D:10)
  Sigmund (D:4)
  2 wyverns
  15 yaks
  4 fire bats (Volcano)
  2 basilisks
  3 fire elementals (Gauntlet)
  A redback (Lair:3)
  3 steam dragons
  2 wargs
  Menkaure (D:7)
  5 swamp worms
  3 hell hounds (Gauntlet)
  Duvessa (D:7)
  14 water moccasins
  A sky beast (D:6)
  7 black bears
  19 orc warriors
  3 ice beasts
  2 centaurs (Volcano)
  5 boggarts (Lair:5)
  4 ogres
  41 wolves
  4 phantoms
  3 kobold brigands
  13 bullfrogs
  2 necrophages
  A scorpion (D:5)
  13 wights
  Dowan (D:7)
  16 killer bees
  3 electric eels (D:9)
  A howler monkey (D:5)
  17 orc priests
  2 hounds
  6 jellies
  Natasha (D:3)
  2 iguanas (D:6)
  7 hell rats (Lair:4)
  16 orc wizards
  A gnoll (D:1)
  6 adders
  A shadow imp (D:8)
  4 white imps
  An ufetubus (D:6)
  4 dart slugs
  63 orcs
  3 bats
  3 endoplasms
  5 giant cockroaches
  5 goblins
  6 hobgoblins
  7 jackals (D:3)
  16 kobolds
  5 quokkas
  11 ball pythons
  3 frilled lizards (D:1)
  5 rats
524 creatures vanquished.

Vanquished Creatures (others)
  A komodo dragon (Lair:3)
  A bullfrog (Lair:3)
  A demonic plant (Gauntlet)
  27 fungi
  41 plants
71 creatures vanquished.

Grand Total: 595 creatures vanquished

Notes
Turn   | Place    | Note
-------+----------+-------------------------------------------
     0 | D:1      | holysushi the Meteoran Reaver began the quest for the Orb.
     0 | D:1      | Reached XP level 1. HP: 17/17 MP: 5/5
    74 | D:1      | Reached XP level 2. HP: 19/24 MP: 6/6
   186 | D:1      | Reached skill level 5 in Maces & Flails
   214 | D:1      | Reached XP level 3. HP: 24/29 MP: 8/8
   431 | D:1      | Reached XP level 4. HP: 29/29 MP: 9/9
   442 | D:1      | Learned a level 2 spell: Momentum Strike
   573 | D:2      | Found an ornate altar of the Wu Jian Council.
   907 | D:3      | Noticed Natasha
   912 | D:3      | Killed Natasha
   913 | D:3      | Reached XP level 5. HP: 34/40 MP: 10/10
   943 | D:3      | Identified the +1 leather armour "Qewouca" {-Cast rN+
                  | Slay+3}
  1103 | D:3      | Found a faded altar of an unknown god.
  1140 | D:4      | Reached XP level 6. HP: 39/48 MP: 11/11
  1268 | D:4      | Noticed an ice beast
  1278 | D:4      | Killed an ice beast
  1302 | D:4      | Noticed a water moccasin
  1311 | D:4      | Killed a water moccasin
  1312 | D:4      | Reached XP level 7. HP: 41/55 MP: 12/12
  1346 | D:4      | Noticed Sigmund
  1353 | D:4      | Killed Sigmund
  1354 | D:4      | Reached skill level 10 in Maces & Flails
  1401 | D:5      | Entered Level 5 of the Dungeon
  1433 | D:5      | Reached XP level 8. HP: 42/61 MP: 13/13
  1462 | D:5      | HP: 3/61 [ice beast (12)]
  1572 | D:5      | Found a sand-covered staircase.
  1597 | Ossuary  | Entered an ossuary
  1706 | D:5      | Found a staircase to the Ecumenical Temple.
  1715 | D:5      | Reached skill level 3 in Dodging
  1726 | Temple   | Entered the Ecumenical Temple
  1810 | Temple   | Became a worshipper of Warmaster Okawaru
  1885 | D:5      | Reached skill level 1 in Invocations
  1931 | D:5      | Identified the +1 pair of boots of the Dwarven Hall {rPois
                  | Will+ MP+9 Str-4}
  1996 | D:6      | Reached skill level 4 in Dodging
  1996 | D:6      | Gained mutation: You passively map the area around you.
                  | [Meteoran growth]
  1996 | D:6      | Reached XP level 9. HP: 38/71 MP: 14/14
  2225 | D:4      | Reached * piety under Okawaru
  2578 | D:6      | Reached skill level 5 in Dodging
  2737 | D:6      | Reached skill level 5 in Fighting
  2875 | D:7      | Noticed Dowan
  2876 | D:7      | Noticed Duvessa
  2912 | D:7      | Killed Duvessa
  2912 | D:7      | Reached ** piety under Okawaru
  2936 | D:6      | Reached skill level 5 in Invocations
  2983 | D:7      | Killed Dowan
  3003 | D:7      | Found a faded altar of an unknown god.
  3003 | D:7      | Found a snail-covered altar of Cheibriados.
  3008 | D:7      | Found a shimmering blue altar of Sif Muna.
  3010 | D:7      | Found a faded altar of an unknown god.
  3011 | D:7      | Found a glowing silver altar of Zin.
  3172 | D:7      | Reached XP level 10. HP: 43/81 MP: 15/15
  3183 | D:7      | Noticed Joseph
  3230 | D:7      | Reached skill level 6 in Dodging
  3286 | D:7      | Reached *** piety under Okawaru
  3302 | D:7      | Identified a scroll of acquirement
  3302 | D:7      | Acquired a +1 vorpal dire flail
  3375 | D:7      | Reached skill level 7 in Dodging
  3473 | D:7      | Learned a level 4 spell: Olgreb's Toxic Radiance
  3490 | D:7      | Reached skill level 1 in Poison Magic
  3559 | D:8      | Found Feurieng's Weapon Emporium.
  3645 | D:8      | Reached skill level 8 in Dodging
  3708 | D:8      | Found an opulent altar of Gozag.
  3983 | D:9      | Reached **** piety under Okawaru
  4019 | D:9      | Reached skill level 5 in Poison Magic
  4073 | D:10     | Entered Level 10 of the Dungeon
  4088 | D:9      | Found Caeti's Magic Scroll Emporium.
  4095 | D:9      | Bought a scroll of enchant weapon for 120 gold pieces
  4095 | D:9      | Bought a scroll of noise for 16 gold pieces
  4095 | D:9      | Bought a scroll of enchant weapon for 120 gold pieces
  4095 | D:9      | Bought a scroll of identify for 32 gold pieces
  4137 | D:9      | Received a gift from Okawaru
  4227 | D:9      | Reached XP level 11. HP: 90/90 MP: 16/16
  4435 | D:7      | Killed Joseph
  4436 | D:7      | Reached skill level 9 in Dodging
  4457 | D:7      | Noticed Menkaure
  4464 | D:7      | Killed Menkaure
  4683 | D:11     | Noticed a manticore
  4688 | D:11     | Killed a manticore
  4808 | D:10     | Noticed a death yak
  4809 | D:10     | Noticed a deep troll
  4810 | D:10     | Noticed a death yak
  4831 | D:10     | Killed a death yak
  4840 | D:10     | Killed a deep troll
  4840 | D:10     | Reached ***** piety under Okawaru
  4840 | D:10     | Received a gift from Okawaru
  4841 | D:10     | Reached skill level 10 in Dodging
  4871 | D:10     | Noticed a death yak
  4909 | D:10     | Killed a death yak
  4910 | D:10     | Reached skill level 10 in Poison Magic
  4942 | D:11     | Found Isanleg's Weapon Boutique.
  5051 | D:11     | Noticed a cyclops
  5131 | D:10     | Found a staircase to the Lair.
  5191 | D:10     | Killed a death yak
  5287 | D:11     | Found an ancient bone altar of Kikubaaqudgha.
  5313 | D:11     | Noticed a cyclops
  5315 | D:11     | Noticed a boulder beetle
  5332 | D:11     | Killed a cyclops
  5333 | D:11     | Reached skill level 1 in Stealth
  5333 | D:11     | Reached XP level 12. HP: 85/101 MP: 19/19
  5480 | D:12     | Found a gate leading to a gauntlet.
  5524 | Gauntlet | Entered a Gauntlet
  5524 | Gauntlet | Found a transporter.
  5533 | Gauntlet | Found a transporter.
  5536 | Gauntlet | Found a transporter.
  5537 | Gauntlet | Found a transporter.
  5545 | Gauntlet | Found a transporter.
  5548 | Gauntlet | Found a transporter.
  5549 | Gauntlet | Found a transporter.
  5553 | Gauntlet | Found a runed translucent door.
  5557 | Gauntlet | Found a transporter.
  5560 | Gauntlet | Found a transporter.
  5561 | Gauntlet | Found a transporter.
  5566 | Gauntlet | Noticed a minotaur
  5569 | Gauntlet | Found a transporter.
  5572 | Gauntlet | Found a transporter.
  5573 | Gauntlet | Found a transporter.
  5576 | Gauntlet | Noticed a green death
  5581 | Gauntlet | Found a transporter.
  5621 | Gauntlet | Found a runed translucent door.
  5657 | Gauntlet | Gained mutation: You are robust. (+10% HP) [potion of
                  | mutation]
  5657 | Gauntlet | Gained mutation: You sometimes lose your temper in combat.
                  | [potion of mutation]
  5657 | Gauntlet | Gained mutation: You are strong-willed. (Will+) [potion of
                  | mutation]
  5711 | Gauntlet | Reached skill level 11 in Dodging
  5724 | Gauntlet | Received a gift from Okawaru
  5781 | Gauntlet | Identified the ring "Wisiseut" {rElec rC+ Will+ rCorr}
  5894 | Gauntlet | Reached skill level 12 in Dodging
  5902 | Gauntlet | Identified the amulet of False Pretenses {Reflect rF+ SH+5}
  6018 | Gauntlet | Killed a minotaur
  6034 | Gauntlet | Got Gianted's Atlas of Guile
  6077 | D:11     | Killed a boulder beetle
  6078 | D:11     | Reached skill level 13 in Dodging
  6200 | Lair:1   | Entered Level 1 of the Lair of Beasts
  6272 | Lair:1   | Paralysed by a hornet for 3 turns
  6397 | D:11     | Learned a level 5 spell: Irradiate
  6424 | D:11     | Noticed a two-headed ogre
  6433 | D:11     | Killed a two-headed ogre
  6434 | D:11     | Reached skill level 1 in Transmutations
  6598 | D:10     | Reached XP level 13. HP: 60/117 MP: 20/20
  6802 | Lair:1   | Reached skill level 14 in Dodging
  6857 | Lair:1   | Reached skill level 5 in Conjurations
  6915 | Lair:1   | Reached skill level 5 in Spellcasting
  6945 | Lair:2   | Identified the +3 pair of boots "Raikk" {Will+ MP+9}
                  | (Okawaru gifted it to you on level 2 of the Lair of Beasts)
  6945 | Lair:2   | Received a gift from Okawaru
  7163 | Lair:2   | Reached ****** piety under Okawaru
  7168 | Lair:2   | Reached skill level 5 in Transmutations
  7179 | Lair:2   | Noticed a five-headed hydra
  7189 | Lair:2   | Killed a five-headed hydra
  7424 | Lair:3   | Noticed a four-headed hydra
  7436 | Lair:3   | Killed a four-headed hydra
  7437 | Lair:3   | Reached skill level 15 in Dodging
  7516 | Lair:3   | Noticed a five-headed hydra
  7523 | Lair:3   | Noticed a four-headed hydra
  7533 | Lair:3   | Killed a five-headed hydra
  7535 | Lair:3   | Gained mutation: You are clumsy. (Dex -2) [mutagenic glow]
  7536 | Lair:3   | Killed a four-headed hydra
  7552 | Lair:3   | Gained mutation: Potions are less effective at restoring
                  | your health. [mutagenic glow]
  7559 | Lair:3   | Reached skill level 16 in Dodging
  7562 | Lair:3   | Lost mutation: You sometimes lose your temper in combat.
                  | [potion of mutation]
  7562 | Lair:3   | Lost mutation: You are robust. (+10% HP) [potion of
                  | mutation]
  7562 | Lair:3   | Lost mutation: You are clumsy. (Dex -2) [potion of
                  | mutation]
  7562 | Lair:3   | Gained mutation: Your flesh is heat resistant. (rF+)
                  | [potion of mutation]
  7562 | Lair:3   | Gained mutation: Your movements are slightly less
                  | encumbered by armour. (ER -2) [potion of mutation]
  7562 | Lair:3   | Lost mutation: Potions are less effective at restoring your
                  | health. [potion of mutation]
  7562 | Lair:3   | Gained mutation: You are robust. (+10% HP) [potion of
                  | mutation]
  7869 | Lair:3   | Reached XP level 14. HP: 112/126 MP: 23/23
  7957 | Lair:4   | Received a gift from Okawaru
  8089 | Lair:5   | Entered Level 5 of the Lair of Beasts
  8431 | Lair:5   | Reached skill level 10 in Spellcasting
  8488 | Lair:5   | Identified the +1 leather armour "Ryej" {Dex+4 Stlth+}
  8519 | Lair:5   | Received a gift from Okawaru
  8554 | Lair:5   | Reached skill level 17 in Dodging
  8629 | Lair:5   | Found a staircase to the Slime Pits.
  8639 | Lair:5   | Identified the +1 leather armour of the Realm of Zot {rF+
                  | Stlth+}
  9040 | D:12     | Found a staircase to the Orcish Mines.
  9045 | D:12     | Reached XP level 15. HP: 132/133 MP: 30/30
  9051 | Orc:1    | Entered Level 1 of the Orcish Mines
  9088 | Orc:2    | Entered Level 2 of the Orcish Mines
  9156 | Orc:2    | Found a staircase to the Elven Halls.
  9209 | Orc:2    | Found Ufyirch's Antique Weapon Emporium.
  9287 | Orc:2    | Found Cafungyt's Armour Shoppe.
  9302 | Orc:2    | Reached skill level 18 in Dodging
  9311 | Orc:2    | Identified the +0 pair of gloves of the Albatross {Rampage
                  | rCorr} (Okawaru gifted it to you on level 2 of the Orcish
                  | Mines)
  9311 | Orc:2    | Received a gift from Okawaru
  9322 | Orc:2    | Found Orhuti's Jewellery Shop.
  9352 | Orc:2    | Bought a +2 cloak of preservation for 365 gold pieces
  9372 | Orc:2    | Found Ankoll's Weapon Shop.
  9374 | Orc:2    | Found Zeuvvidd's Book Shoppe.
  9394 | Orc:2    | Bought the +5 Lochaber axe {reach-cleave, poleaxe, Drain}
                  | for 460 gold pieces
  9394 | Orc:2    | Found the +5 Lochaber axe {reach-cleave, poleaxe, Drain}
  9502 | Orc:1    | Reached skill level 1 in Axes
  9661 | Orc:1    | Found a dark tunnel.
  9666 | Volcano  | Entered a volcano
  9975 | Orc:2    | Noticed an orc warlord
 10010 | Orc:2    | HP: 1/135 [warg[an orc warlord] (7)]
 10032 | Orc:2    | Killed an orc warlord
 10331 | D:12     | Found Isaurice's Weapon Emporium.
 10478 | D:14     | Noticed Lodul
 10478 | D:14     | Noticed Agnes
 10485 | D:14     | Slain by Agnes

Illustrated notes

Levels and vault maps discovered:
D:1:      lightli_arrival_chessboard, layout_loops_corners,
          nicolae_grassy_gnolls
D:2:      layout_basic, basic_altar, serial_shops, nicolae_lakefront_shop
D:3:      layout_loops_ring, hellmonk_ecumenical_altar_blasted, uniq_natasha,
          uniq_robin, uniq_ijyb
D:4:      layout_cave_pools, uniq_sigmund
D:5:      wander_river, layout_basic, minmay_temple_entry_antechambers,
          enter_ossuary_1
D:6:      layout_loops_ring
D:7:      layout_gridville, chequers_temple_overflow_minitemple,
          minmay_manual_monstrance, uniq_duvessa, uniq_joseph, uniq_menkaure
D:8:      layout_cave_pods, mainiacjoe_overflow_chevrons, serial_shops,
          nicolae_shop_bloodbath_and_beyond
D:9:      layout_long_grid, serial_shops, nicolae_shop_statue_plus,
          serial_bayou, serial_bayou_lagoon_b, serial_bayou_pond_c,
          serial_bayou_pond_c, serial_bayou_crossing,
          minmay_misc_feat_more_columns
D:10:     layout_loops_ring, dpeg_lair_monsters
D:11:     layout_loops_cross, serial_shops, nicolae_stop_n_shop_1,
          kiku_gazebo_garden_becter
D:12:     layout_long_grid, david_orc_2, gauntlet_entry_generic, serial_shops,
          shop
D:13:     layout_small_grid, david_vaults_2
D:14:     layout_basic, nicolae_trove_entry_diagonal, serial_shops, shop,
          serial_bayou_pond_b, nicolae_shop_firing_range, uniq_lodul,
          uniq_agnes, uniq_azrael
Temple:   compressed_dpeg_circular_temple
Lair:1:   layout_cave_shapes, dreamdust_mushroom_princess, grunt_megastairs_3
Lair:2:   layout_regular_city, grunt_megastairs_5, infiniplex_staircase_pool
Lair:3:   layout_roguey, palyth_hydra_swamp_entry, spider_nest_entry_funnel_web
Lair:4:   layout_layer_cave
Lair:5:   minmay_lair_end_enchanted_forest, layout_regular_city, slime_entry_1
Orc:1:    layout_diamond_mine, enter_volcano_4
Orc:2:    st_orc_elflike, layout_diamond_mine, serial_shops,
          nicolae_lakefront_shop, david_defended_altar_orc

Skill      XL: |  1  2  3  4  5  6  7  8  9 10 11 12 13 14 15 |
---------------+----------------------------------------------+-----
Maces & Flails | 5 6 7 9 10 11 13 14 | 14.0
Evocations     | 3 |  3.0
Dodging        | 4 5 8 10 13 16 17 18 | 18.0
Fighting       | 3 5 6 8 9 |  9.0
Invocations    | 2 5 8 |  8.0
Poison Magic   | 5 10 | 10.0
Stealth        | 1 3 |  3.0
Spellcasting   | 3 5 10 12 | 12.7
Transmutations | 1 6 |  6.0
Conjurations   | 4 6 8 |  8.0
Axes           | 4 |  4.1

Action                   |  1- 3 |  4- 6 |  7- 9 | 10-12 | 13-15 || total
-------------------------+-------+-------+-------+-------+-------++-------
Melee: Mace              |    86 |   121 |   179 |       |       ||   386
       Punch             |     2 |     4 |     5 |       |       ||    11
       Flail             |       |       |   110 |    47 |       ||   157
       Dire flail        |       |       |       |   476 |   485 ||   961
 Cast: Kiss of Death     |     2 |       |       |       |       ||     2
       Olgreb's Toxic Ra |       |       |       |    20 |   130 ||   150
       Irradiate         |       |       |       |       |    24 ||    24
       Momentum Strike   |       |       |       |       |     1 ||     1
Invok: Heroism           |       |       |       |     9 |     2 ||    11
       Finesse           |       |       |       |     4 |       ||     4
Evoke: Wand              |       |     4 |     2 |     2 |     6 ||    14
       Condenser vane    |       |       |       |     1 |       ||     1
  Use: Scroll            |       |     8 |     7 |    12 |     8 ||    35
       Potion            |       |       |     2 |     6 |     9 ||    17
 Stab: Paralysed         |       |     5 |     9 |       |       ||    14
       Sleeping          |       |     1 |       |       |     2 ||     3
Armor: Leather armour    |    42 |    32 |    70 |    23 |    22 ||   189
       Steam dragon scal |       |       |       |    71 |    87 ||   158
Dodge: Dodged            |    68 |    69 |   141 |   287 |   556 ||  1121
Block: Other             |       |       |       |    26 |   130 ||   156
       Reflection        |       |       |       |       |     1 ||     1

Table legend: (Time is in decaauts)
 A = Elapsed time spent in this place.
 B = Non-inter-level travel time spent in this place.
 C = Inter-level travel time spent in this place.
 D = Time resting spent in this place.
 E = Time spent auto-exploring this place.
 F = Levels seen in this place.
 G = Mean time per level.
                   A        B        C        D        E       F      G
               +--------+--------+--------+--------+--------+-----+--------+
         Total |  10124 |   9342 |    782 |     95 |    345 |  25 |  405.0 |
       Dungeon |   6341 |   5743 |    598 |     32 |    229 |  14 |  452.9 |
        Temple |    117 |     89 |     28 |      0 |      0 |   1 |  117.0 |
          Lair |   2194 |   2051 |    143 |      0 |      0 |   5 |  438.8 |
  Orcish Mines |    784 |    772 |     12 |      0 |      0 |   2 |  392.0 |
       Ossuary |     12 |     12 |      0 |      0 |      0 |   1 |   12.0 |
       Volcano |    188 |    188 |      0 |      0 |      0 |   1 |  188.0 |
      Gauntlet |    484 |    484 |      0 |     63 |    116 |   1 |  484.0 |
               +--------+--------+--------+--------+--------+-----+--------+

Top non-repeatable levels by time:
    D:10: 1086 daAuts
     D:7: 688 daAuts
     D:4: 626 daAuts
     D:9: 576 daAuts
  Lair:5: 561 daAuts
   Orc:2: 534 daAuts
     D:1: 522 daAuts
  Lair:1: 512 daAuts
Gauntlet: 484 daAuts
     D:6: 472 daAuts
     D:5: 454 daAuts
  Lair:3: 446 daAuts
    D:12: 440 daAuts
     D:3: 404 daAuts
    D:11: 349 daAuts
